 Dungeon Crawl Stone Soup version 0.18.1-8-gdd0e5ea (webtiles) character file.

11190 jacquesderrida the Spear-Bearer (level 11, -2/90 HPs)
             Began as a Demonspawn Skald on May 23, 2016.
             Was a Believer of Ashenzari.
             Slain by a large slime creature (36 damage)
             ... on level 12 of the Dungeon.
             The game lasted 00:32:58 (6346 turns).

jacquesderrida the Spear-Bearer (Demonspawn Skald)  Turns: 6346, Time: 00:32:59

Health: -2/90      AC: 11    Str: 14    XL:     11   Next: 46%
Magic:  8/14       EV: 14    Int: 16    God:    Ashenzari [**....]
Gold:   433        SH:  0    Dex: 15    Spells: 3 memorised, 7 levels left

rFire  . . .     SeeInvis .     F - +0 trident (venom)
rCold  . . .     Gourm    .     A - +1 leather armour (curse)
rNeg   . . .     Faith    .     (no shield)
rPois  +         Spirit   .     (helmet unavailable)
rElec  .         Dismiss  .     H - +2 cloak {rPois}
rCorr  .         Reflect  .     (no gloves)
SustAt .         Harm     .     (no boots)
MR     .....                    (no amulet)
Stlth  +.........               B - +3 ring of intelligence
                                e - +2 ring of slaying (curse)

@: not resistant to hostile enchantments, very unstealthy
A: horns 3, iridescent scales 1, demonic guardian 1, poison resistance, powered
by death 2
a: Curse Item, Scrying, Renounce Religion


You were on level 12 of the Dungeon.
You worshipped Ashenzari.
Ashenzari was pleased with you.
You were very hungry.

You visited 1 branch of the dungeon, and saw 12 of its levels.
You also visited: Sewer and Ossuary.

You collected 511 gold pieces.
You spent 78 gold pieces at shops.

Inventory:

Hand Weapons
 a - a +0 spear
 v - a +0 halberd
 z - a +1 war axe of flaming
 F - a +0 trident of venom (weapon)
Missiles
 x - 6 javelins
 y - a throwing net (quivered)
Armour
 A - a cursed +1 leather armour (worn)
 H - a +2 cloak of poison resistance (worn)
Jewellery
 e - a cursed +2 ring of slaying (left hand)
 h - an uncursed ring of flight
 B - a +3 ring of intelligence (right hand)
 E - an uncursed ring of protection from fire
 G - an uncursed amulet of dismissal
Wands
 g - a wand of iceblast (0/15)
 C - a wand of confusion (39/48)
 D - a wand of random effects (0/48)
Scrolls
 m - 2 scrolls of fear
 n - 4 scrolls of recharging
 t - a scroll of teleportation
 I - a scroll of enchant armour
Potions
 i - a potion of flight {unknown}
 j - 3 potions of curing
 k - 2 potions of resistance {unknown}
 l - 2 potions of berserk rage {unknown}
 o - a potion of ambrosia {unknown}
 p - 2 potions of brilliance {unknown}
 q - a potion of haste
 r - a potion of heal wounds
 s - 3 potions of magic
 u - 3 potions of might
 w - a potion of agility
Books
 c - a book of Battle

   Spells                             Type                      Level
   a - Infusion                       Charms                       1
   b - Shroud of Golubria             Charms/Translocation         2
   c - Song of Slaying                Charms                       2
   d - Spectral Weapon                Hexes/Charms                 3
   e - Regeneration                   Charms/Necromancy            3
Comestibles
 b - a beef jerky
 d - 3 bread rations
 f - 2 meat rations
 J - a chunk of flesh


   Skills:
 + Level 9.8 Fighting
 + Level 10.4 Polearms
 - Level 0.8 Armour
 * Level 4.5 Dodging
 - Level 2.1 Spellcasting
 - Level 3.8 Hexes
 - Level 8.6 Charms


You had 7 spell levels left.
You knew the following spells:

 Your Spells              Type           Power        Failure   Level  Hunger
a - Infusion              Chrm           ####         1%          1    #......
b - Spectral Weapon       Hex/Chrm       ###.....     8%          3    ###....
r - Regeneration          Chrm/Necr      ###.......   14%         3    ###....


Dungeon Overview and Level Annotations

Branches:
Dungeon (12/15)            Temple (0/1) D:7            Lair (0/8) D:10
    Orc: D:9-12

Altars:
Ashenzari
Dithmenos
Gozag
Makhleb
Nemelex Xobeh
Ru
Trog
Vehumet
The Shining One

Shops:
D:5 !   D:9 =

Annotations:
D:2 Terence
D:8 Erica
D:10 Snorg


Innate Abilities, Weirdness & Mutations

You have a pair of large horns on your head.
You are partially covered in iridescent scales (AC +4).
A weak demonic guardian rushes to your aid.
You regenerate health from kills.
Your system is resistant to poisons.


Message History

Your iron imp hits the large slime creature.
Your spectral weapon barely misses the large slime creature.
Attack whom?
Press: ? - help, Dir - move target cursor, f/p - large slime creature
Aim: a large slime creature (moderately wounded, poisoned)
You reach to attack!
You hit the large slime creature.
The large slime creature is moderately wounded.
Your iron imp disappears in a puff of smoke!
The large slime creature looks more healthy.
Your spectral weapon hits the large slime creature from afar.
You puncture the large slime creature! You headbutt the large slime creature!
The large slime creature is severely wounded.
Your spectral weapon hits the large slime creature!
The large slime creature hits you.
You hit the large slime creature.
The large slime creature is severely wounded.
Your skin stops crawling.
Your spectral weapon hits the large slime creature!
The large slime creature hits you!!!
You die...

########......#.#.........#
......(.........#.!..J....#
########......###.........#
######## #....J....# #'#####
#..J(.# ########'##
###.........#
###@J5........# ###
#####..(#.........#
..########...(.###.........#
..##.......##### #.........#
..##.####### #.........#
..'..# #.........# ..####
#.........# ..# ###########
###


You could see a large slime creature, a friendly spectral trident of venom and a
friendly white imp.

Vanquished Creatures
  The ghost of nikopol the Skirmisher, a novice MiFi of Okawaru (D:7)
  The ghost of murphy the Archer, a novice HEAM of Gozag (D:9)
  A hill giant (D:12)
  An ugly thing (D:12)
  2 centaur skeletons
  2 trolls
  11 slime creatures (D:12)
  A shadow (D:12)
  A wyvern (D:8)
  5 spriggans (D:5)
  A hippogriff (D:12)
  A hungry ghost (D:7)
  4 vampire mosquitoes (D:12)
  Menkaure (D:7)
  A water moccasin (D:8)
  2 sky beasts (D:9)
  2 black bears
  4 ice beasts
  A necrophage (D:9)
  2 phantoms
  4 centaurs
  3 ogres
  3 elf zombies (Ossuary)
  5 giant frogs
  3 scorpions
  A water moccasin skeleton (D:11)
  A wyvern skeleton (D:11)
  4 killer bees (D:10)
  7 wights
  4 howler monkeys
  5 crimson imps
  A giant frog zombie (D:5)
  A centaur zombie (Ossuary)
  A quasit (D:9)
  A human zombie (Ossuary)
  Crazy Yiuf (D:6)
  An orc priest (D:5)
  A hound (D:5)
  2 jellies
  3 giant frog skeletons (D:12)
  2 iguanas
  6 orc wizards
  4 worker ants
  A big kobold zombie (Ossuary)
  2 hound zombies (Ossuary)
  3 mummies (Ossuary)
  A howler monkey skeleton (D:4)
  6 gnolls
  11 adders
  A shadow imp (D:5)
  An ooze (D:7)
  3 adder zombies (Ossuary)
  An adder skeleton (D:9)
  2 worms
  2 dart slugs
  4 giant geckos
  8 orcs
  9 bats
  6 giant cockroaches
  2 gnoll zombies (Ossuary)
  3 goblins
  4 hobgoblins
  17 jackals
  4 quokkas
  2 ball pythons (Sewer)
  5 giant newts
  2 goblin zombies (Ossuary)
  3 hobgoblin zombies (Ossuary)
  A jackal skeleton (D:5)
  A jackal zombie (Ossuary)
  7 kobolds
  2 kobold zombies (Ossuary)
  3 quokka zombies (Ossuary)
  3 rats
  4 rat zombies (Ossuary)
  9 plants
242 creatures vanquished.

Vanquished Creatures (collateral kills)
  A hill giant (D:12)
  A spriggan (D:5)
  A steam dragon (D:9)
  2 ogres
  2 hound zombies (Ossuary)
  2 adder zombies (Ossuary)
  A quokka (D:5)
  A jackal zombie (Ossuary)
  3 quokka zombies (Ossuary)
14 creatures vanquished.

Vanquished Creatures (others)
  8 spectral weapons
8 creatures vanquished.

Grand Total: 264 creatures vanquished

Notes
Turn   | Place    | Note
--------------------------------------------------------------
     0 | D:1      | jacquesderrida the Demonspawn Skald began the quest for the Orb.
     0 | D:1      | Reached XP level 1. HP: 16/16 MP: 3/3
   191 | D:1      | Gained mutation: You regenerate a little health from kills. [demonic ancestry]
   191 | D:1      | Reached XP level 2. HP: 22/22 MP: 5/5
   245 | D:1      | Reached skill level 2 in Polearms
   441 | D:2      | Noticed Terence
   502 | D:1      | Gained mutation: A weak demonic guardian rushes to your aid. [demonic ancestry]
   502 | D:1      | Reached XP level 3. HP: 27/27 MP: 6/6
   742 | D:3      | Reached skill level 3 in Polearms
   758 | D:3      | Found a bloodstained altar of Trog.
   827 | D:2      | Found a shadowy altar of Dithmenos.
   844 | D:3      | Noticed an ogre
   855 | D:3      | Killed an ogre
   855 | D:3      | Reached skill level 4 in Polearms
   855 | D:3      | Gained mutation: You regenerate health from kills. [demonic ancestry]
   855 | D:3      | Reached XP level 4. HP: 16/33 MP: 7/7
   870 | D:3      | Learned a level 3 spell: Spectral Weapon
  1065 | D:4      | Found a sand-covered staircase.
  1092 | Ossuary  | Entered an ossuary
  1112 | Ossuary  | Reached skill level 1 in Hexes
  1112 | Ossuary  | Reached XP level 5. HP: 38/38 MP: 8/8
  1234 | Ossuary  | Reached XP level 6. HP: 31/44 MP: 9/9
  1330 | Ossuary  | Reached skill level 5 in Polearms
  1499 | Ossuary  | Gained mutation: Your system is resistant to poisons. [potion of mutation]
  1499 | Ossuary  | Gained mutation: Your body sometimes deteriorates upon taking damage. [potion of mutation]
  1499 | Ossuary  | Gained mutation: You possess an exceptional clarity of mind. [potion of mutation]
  1685 | D:4      | Found a glowing drain.
  1694 | Sewer    | Entered a sewer
  1769 | Sewer    | Learned a level 3 spell: Regeneration
  1838 | Sewer    | Gained mutation: You have a pair of small horns on your head. [demonic ancestry]
  1838 | Sewer    | Reached XP level 7. HP: 50/50 MP: 10/10
  2515 | D:5      | Entered Level 5 of the Dungeon
  2621 | D:5      | Reached skill level 6 in Polearms
  2647 | D:5      | Noticed a spriggan
  2650 | D:5      | Noticed a spriggan
  2667 | D:5      | Killed a spriggan
  2731 | D:5      | Gained mutation: You have a pair of horns on your head. [demonic ancestry]
  2731 | D:5      | Reached XP level 8. HP: 38/60 MP: 1/11
  2860 | D:5      | Found Adoyk's Distillery.
  2897 | D:5      | Bought 2 potions of curing for 78 gold pieces
  3186 | D:5      | Reached skill level 5 in Charms
  3213 | D:5      | Reached skill level 5 in Fighting
  3213 | D:5      | Reached skill level 7 in Polearms
  3291 | D:5      | Reached XP level 9. HP: 61/69 MP: 5/12
  3325 | D:6      | Found a glowing golden altar of the Shining One.
  3442 | D:6      | Found an opulent altar of Gozag.
  3539 | D:6      | Found a shattered altar of Ashenzari.
  3547 | D:6      | Became a worshipper of Ashenzari the Shackled
  3584 | D:7      | Noticed nikopol's ghost (novice MiFi)
  3585 | D:7      | Noticed Menkaure
  3604 | D:7      | Killed nikopol's ghost
  3604 | D:7      | Reached skill level 8 in Polearms
  3616 | D:7      | Killed Menkaure
  3686 | D:6      | Noticed Crazy Yiuf
  3698 | D:6      | Paralysed by Crazy Yiuf for 5 turns
  3703 | D:6      | Killed Crazy Yiuf
  3769 | D:7      | Found a staircase to the Ecumenical Temple.
  3795 | D:7      | Found a radiant altar of Vehumet.
  3824 | D:7      | Found a sparkling altar of Nemelex Xobeh.
  4076 | D:8      | Found a sacrificial altar of Ru.
  4275 | D:8      | Found a burning altar of Makhleb.
  4286 | D:8      | Lost mutation: You possess an exceptional clarity of mind. [potion of cure mutation]
  4286 | D:8      | Lost mutation: Your body sometimes deteriorates upon taking damage. [potion of cure mutation]
  4299 | D:8      | Noticed Erica
  4385 | D:8      | Gained mutation: You have a pair of large horns on your head. [demonic ancestry]
  4385 | D:8      | Reached XP level 10. HP: 60/79 MP: 9/13
  4595 | D:9      | Reached * piety under Ashenzari
  4607 | D:9      | Found Funkog's Jewellery Emporium.
  4651 | D:9      | Noticed murphy's ghost (novice HEAM)
  4669 | D:9      | Killed murphy's ghost
  4669 | D:9      | Reached skill level 9 in Polearms
  5168 | D:10     | Entered Level 10 of the Dungeon
  5178 | D:10     | Found a staircase to the Lair.
  5398 | D:10     | Noticed Snorg
  5689 | D:11     | Noticed a cyan ugly thing
  5738 | D:11     | Noticed a hill giant
  5790 | D:12     | Killed a hill giant
  5861 | D:12     | Reached skill level 1 in Dodging
  5861 | D:12     | Gained mutation: You are partially covered in iridescent scales (AC +4). [demonic ancestry]
  5861 | D:12     | Reached XP level 11. HP: 89/89 MP: 10/14
  5889 | D:12     | Reached skill level 10 in Polearms
  5941 | D:12     | Noticed a hill giant
  5957 | D:12     | Killed a hill giant
  5979 | D:12     | Noticed a white ugly thing
  5992 | D:12     | Killed a white ugly thing
  6016 | D:12     | Noticed an eight-headed hydra
  6232 | D:12     | Reached ** piety under Ashenzari
  6346 | D:12     | Slain by a large slime creature

Skill      XL: |  1  2  3  4  5  6  7  8  9 10 11 |
---------------+----------------------------------+-----
Charms         | 3 4 5 7 8 |  8.6
Polearms       | 2 4 5 6 7 8 9 10 | 10.4
Hexes          | 1 2 3 |  3.8
Fighting       | 3 5 7 9 |  9.8
Dodging        | 1 4 |  4.5
Armour         | |  0.8
Spellcasting   | |  2.1

Action                   |  1- 3 |  4- 6 |  7- 9 | 10-12 || total
-------------------------+-------+-------+-------+-------++-------
Melee: Spear             |   115 |   331 |   324 |       ||   770
       Headbutt          |       |       |    73 |    85 ||   158
       Halberd           |       |       |   165 |    18 ||   183
       Trident           |       |       |       |   323 ||   323
 Cast: Infusion          |     2 |       |       |       ||     2
       Spectral Weapon   |       |       |    31 |    26 ||    57
       Regeneration      |       |       |     1 |     3 ||     4
Invok: Curse Item        |       |       |     1 |       ||     1
Evoke: Wand              |       |       |     3 |     7 ||    10
  Use: Scroll            |       |     2 |    10 |     5 ||    17
       Potion            |       |     2 |     4 |     1 ||     7
 Stab: Sleeping          |       |     1 |     1 |     1 ||     3
       Distracted        |       |       |     3 |     4 ||     7
       Paralysed         |       |       |     1 |       ||     1
  Eat: Chunk             |       |     1 |     9 |    10 ||    20
       Meat ration       |       |     1 |       |       ||     1
       Pizza             |       |     1 |       |       ||     1
       Beef jerky        |       |       |     1 |       ||     1
Armor: Leather armour    |    29 |    44 |    57 |    54 ||   184
Dodge: Dodged            |    69 |   115 |   133 |   126 ||   443
